 Dungeon Crawl Stone Soup version 0.21.0-25-ge575cb9 (webtiles) character file.

323 Moloch the Slasher (level 6, -2/49 HPs)
             Began as a Mummy Fighter on Jan 23, 2018.
             Splashed by a jelly's acid (8 damage)
             ... on level 4 of the Dungeon.
             The game lasted 00:05:31 (3378 turns).

Moloch the Slasher (Mummy Fighter)                  Turns: 3378, Time: 00:05:32

Health: -2/49      AC: -8    Str: 19    XL:     6   Next: 23%
Magic:  6/6        EV:  7    Int:  8    God:
Gold:   145        SH:  9    Dex: 13    Spells: 5/5 levels left

rFire    x . .     SeeInvis .   a - +0 long sword
rCold    + . .     Gourm    .   c - +0 shield
rNeg     + + +     Faith    .   b - +0 scale mail
rPois    ∞         Spirit   .   i - +0 helmet
rElec    .         Reflect  .   (no cloak)
rCorr    .         Harm     .   (no gloves)
MR       .....                  (no boots)
Stlth    ..........             (no amulet)
HPRegen  0.16/turn              (no ring)
MPRegen  0.10/turn              (no ring)

@: corroded
A: no food or potions, fire vulnerability, cold resistance 1, negative energy
resistance 3, torment resistance, unbreathing
a: no special abilities


You were on level 4 of the Dungeon.
You were not hungry.

You visited 1 branch of the dungeon, and saw 4 of its levels.

You collected 145 gold pieces.

Inventory:

Hand Weapons
 a - a +0 long sword (weapon)
Armour
 b - a +0 scale mail (worn)
 c - a +0 shield (worn)
 i - a +0 helmet (worn)
Wands
 k - a wand of flame (4)
Scrolls
 d - a scroll of identify {unknown}
 e - a scroll of enchant weapon {unknown}
 f - 5 scrolls of teleportation {unknown}
 g - a scroll of remove curse {unknown}
 h - a scroll of enchant armour {unknown}
 j - a scroll of random uselessness {unknown}


   Skills:
 + Level 4.4 Fighting
 * Level 4.8 Long Blades
 - Level 2.4 Armour
 - Level 2.4 Shields


You had 5 spell levels left.
You didn't know any spells.

Dungeon Overview and Level Annotations

Branches:
Dungeon (4/15)
 Temple: D:4-7

Altars:
Fedhas
Makhleb
Yredelemnul


Innate Abilities, Weirdness & Mutations

You do not eat or drink.
Your flesh is vulnerable to fire.
You are immune to poison.
Your flesh is cold resistant. (rC+)
You are immune to negative energy. (rN+++)
You are immune to unholy pain and torment.
You can survive without breathing.


Message History

You hit the jelly but do no damage. The acid corrodes you!
Your hands burn!
The jelly is severely wounded.
The jelly closely misses you.
You are too injured to fight recklessly!
You are too injured to fight recklessly!
You hit the jelly but do no damage.
Your hands burn!
The jelly is severely wounded.
You block the jelly's attack. The jelly hits you.
You are splashed with acid!
The acid burns!
* * * LOW HITPOINT WARNING * * *
Evoke which item? (* to show all) (? for menu, Esc to quit)
Aiming: Throw Flame
Press: ? - help, Shift-Dir - straight line, f - jelly
Aim: a jelly (severely wounded)
The puff of flame hits the jelly.
The jelly is almost dead.
The jelly hits you.
* * * LOW HITPOINT WARNING * * *
You are splashed with acid!
The acid burns!
You die...

..... #....#
#...##
##.#.###### #
#.........#
.##.###.........#
................#
######..........#
##.........#
#....@.....#
#.....J....#
#..........#
.....[.......#
.............#
......######.##
.....# .# ...# #


You could see a jelly.

Vanquished Creatures
  A howler monkey (D:2)
  An orc priest (D:4)
  An orc wizard (D:3)
  Ijyb (D:3)
  Natasha (twice) (D:3)
  A hound skeleton (D:4)
  Robin (D:2)
  A gnoll (D:2)
  4 adders
  A worm (D:3)
  A dart slug (D:1)
  2 leopard geckos
  6 orcs
  A ball python (D:2)
  8 bats
  A giant cockroach (D:1)
  15 goblins
  9 hobgoblins
  3 jackals
  4 kobolds
  5 frilled lizards
  8 rats
77 creatures vanquished.

Notes
Turn   | Place    | Note
-------+----------+-------------------------------------------
     0 | D:1      | Moloch the Mummy Fighter began the quest for the Orb.
     0 | D:1      | Reached XP level 1. HP: 18/18 MP: 1/1
   307 | D:1      | Reached XP level 2. HP: 24/24 MP: 2/2
   793 | D:2      | Reached XP level 3. HP: 28/29 MP: 3/3
   829 | D:2      | Reached XP level 4. HP: 19/37 MP: 4/4
  1158 | D:2      | Noticed Robin
  1823 | D:2      | Killed Robin
  2165 | D:3      | Found a burning altar of Makhleb.
  2172 | D:3      | Found a basalt altar of Yredelemnul.
  2175 | D:3      | Found a blossoming altar of Fedhas.
  2198 | D:3      | Reached XP level 5. HP: 42/42 MP: 5/5
  2289 | D:3      | Noticed Ijyb
  2537 | D:3      | Killed Ijyb
  2719 | D:3      | Noticed Natasha
  2723 | D:3      | Killed Natasha
  2981 | D:3      | Noticed Natasha
  2987 | D:3      | Killed Natasha
  3072 | D:3      | Reached XP level 6. HP: 20/49 MP: 6/6
  3378 | D:4      | Splashed by a jelly's acid

Skill      XL: |  1  2  3  4  5 |
---------------+----------------+-----
Long Blades    | 2 3 4 |  4.8
Fighting       | 4 |  4.4
Armour         | |  2.4
Shields        | |  2.4

Action                   |  1- 3 |  4- 6 || total
-------------------------+-------+-------++-------
Melee: Long sword        |    83 |   213 ||   296
Evoke: Wand              |       |     4 ||     4
Armor: Scale mail        |    38 |   126 ||   164
Dodge: Dodged            |    34 |    76 ||   110
Block: Shield            |    38 |   104 ||   142
       Rpst.: Long sword |    17 |    23 ||    40
